 Dungeon Crawl Stone Soup version 0.20.1-1-g8b1a95d (webtiles) character file.

23674 KoningWillie the Fencer (level 12, -14/112 HPs)
             Began as a Minotaur Fighter on Sept 25, 2017.
             Was a Follower of Fedhas.
             Hit by a large rock thrown by a cyclops (30 damage)
             ... on level 15 of the Dungeon.
             The game lasted 00:39:17 (13818 turns).

KoningWillie the Fencer (Minotaur Fighter)         Turns: 13818, Time: 00:39:17

Health: -14/112    AC: 32    Str: 25    XL:     12   Next: 73%
Magic:  0/14       EV:  9    Int:  5    God:    Fedhas [*.....]
Gold:   287        SH:  0    Dex: 14    Spells: 11/11 levels left

rFire    . . .     SeeInvis .   n - +2 triple sword (vamp)
rCold    + . .     Gourm    .   (shield currently unavailable)
rNeg     . . .     Faith    .   q - +8 plate armour "Daitytet" {MR+ Dex+3}
rPois    .         Spirit   +   (helmet restricted)
rElec    .         Reflect  .   (no cloak)
rCorr    .         Harm     .   s - +1 pair of gloves
MR       ++...                  j - +2 pair of boots
Stlth    ..........             k - amulet of guardian spirit
Regen    0.3/turn               t - +3 ring of protection
MPRegen  0.2/turn               I - ring of protection from magic

@: about to teleport
A: retaliatory headbutt, horns 2, cold resistance 1, high mp 1, MP-powered wands
a: Fungal Bloom, Evolution, Renounce Religion


You were on level 15 of the Dungeon.
You worshipped Fedhas.
Fedhas was aware of your devotion.
You were not hungry.

You visited 1 branch of the dungeon, and saw 15 of its levels.

You collected 737 gold pieces.
You spent 450 gold pieces at shops.

Inventory:

Hand Weapons
 a - a +1 long sword
 n - a +2 vampiric triple sword (weapon)
Armour
 j - a +2 pair of boots (worn)
 q - the +8 plate armour "Daitytet" (worn) {MR+ Dex+3}
   (You found it on level 4 of the Dungeon)

   It affects your dexterity (+3).
   It affects your resistance to hostile enchantments.
 s - a +1 pair of gloves (worn)
Jewellery
 k - an amulet of guardian spirit (around neck)
 p - an uncursed ring of protection from magic
 t - a +3 ring of protection (left hand)
 y - a +4 ring of protection
 H - an uncursed ring of ice
 I - a ring of protection from magic (right hand)
 O - an uncursed ring of wizardry
Wands
 m - a wand of polymorph (11/24)
 w - a wand of random effects (26/48)
 x - a wand of digging (8/24)
 J - a wand of confusion (35/48)
Scrolls
 c - a scroll of magic mapping
 e - 2 scrolls of teleportation
 u - 7 scrolls of remove curse
 D - a scroll of fear
 E - a scroll of recharging
 F - 4 scrolls of enchant weapon
 K - 3 scrolls of identify
 N - a scroll of fog
Potions
 b - 3 potions of ambrosia
 d - 3 potions of might
 h - 3 potions of invisibility
 i - 8 potions of curing
 l - a potion of magic {unknown}
 o - 2 potions of flight
 r - 2 potions of lignification
 z - a potion of agility
 A - a potion of berserk rage {unknown}
 G - 3 potions of heal wounds {unknown}
 M - a potion of brilliance {unknown}
Miscellaneous
 v - a box of beasts
 L - a phantom mirror
Comestibles
 f - 6 bread rations
 g - 4 meat rations
 B - 5 royal jellies
 C - 12 fruits


   Skills:
 + Level 11.9 Fighting
 + Level 17.6 Long Blades
 + Level 12.5 Armour
 + Level 3.7 Dodging
   Level 3.6 Shields
 + Level 2.7 Invocations


You had 11 spell levels left.
You didn't know any spells.

Dungeon Overview and Level Annotations

Branches:
Dungeon (15/15)            Temple (0/1) D:6            Lair (0/6) D:9
    Orc (0/2) D:10
 Vaults: D:13-14     Depths: D:15

Altars:
Ashenzari
Cheibriados
Dithmenos
Elyvilon
Fedhas
Gozag
Ru
Uskayaw
Yredelemnul
Zin
The Shining One
Beogh

Shops:
D:6 ([([:   D:9 *(!*

Annotations:
D:5 flt's ghost, amateur MfIE


Innate Abilities, Weirdness & Mutations

You reflexively headbutt those who attack you in melee.
You have a pair of horns on your head.
Your flesh is cold resistant. (rC+)
You have an increased reservoir of magic. (+10% MP)
You expend magic power (3 MP) to strengthen your wands.


Message History

The two-headed ogre shouts in stereo!
A cyclops comes into view.
The cyclops shouts!
A centaur comes into view.
The centaur shouts!
The centaur wields a shortbow.
The centaur shoots an arrow.
The arrow hits you but does no damage.
Found an arrow. 2 centaurs come into view.
As you read the scroll of teleportation, it crumbles to dust.
You feel strangely unstable.
The centaur shouts!
The centaur wields a shortbow.
The centaur shoots an arrow.
The arrow hits you but does no damage.
The cyclops throws a large rock.
The large rock hits you but does no damage.
The centaur shoots an arrow.
The arrow hits you but does no damage.
A centaur comes into view.
The cyclops throws a large rock.
The large rock hits you!!
You die...
Fedhas appreciates your contribution to the ecosystem.

.#########
.........#
.........#
.........#
.........###
...........#
......O@...#####
........(...cccc
..............c.
...
................
...
.........##+#+#.
... ####.....# .
#.C...# #.....#
#.....#


You could see a two-headed ogre, a cyclops and 4 centaurs.

Vanquished Creatures
  Fannar (D:11)
  5 two-headed ogres
  An anaconda (shapeshifter) (D:13)
  The ghost of letownia the Thaumaturge, a novice OpTm of Gozag (D:8)
  2 unseen horrors
  A deep elf mage (D:12)
  A necromancer (D:13)
  A manticore (D:13)
  2 ugly things (D:12)
  A cyclops (D:12)
  Maurice (D:8)
  Psyche (D:8)
  2 centaur skeletons
  2 molten gargoyles (D:13)
  A troll (D:9)
  A hornet (D:8)
  2 dream sheep (D:8)
  A meliai zombie (D:12)
  A hippogriff (D:12)
  A centaur simulacrum (D:15)
  A wraith (D:13)
  A shadow (D:12)
  15 yaks
  Edmund (D:6)
  3 water moccasins
  Duvessa (D:6)
  14 orc warriors
  6 sky beasts
  2 phantoms
  A black bear (D:7)
  2 necrophages (D:9)
  3 ice beasts
  6 ogres
  5 centaurs
  A crocodile (D:8)
  4 big kobolds (D:8)
  4 bullfrogs
  Blork the orc (D:6)
  A gnoll sergeant (D:10)
  3 wyvern zombies
  A wyvern skeleton (D:9)
  Dowan (D:6)
  12 killer bees
  14 wights
  An electric eel (D:13)
  2 crimson imps
  5 lava snakes (D:13)
  A bullfrog zombie (D:10)
  A quasit (D:12)
  2 centaur zombies
  8 orc priests
  4 bullfrog skeletons
  6 hounds
  A jelly (D:12)
  Jessica (D:3)
  6 iguanas
  13 orc wizards
  7 worker ants
  A killer bee zombie (D:9)
  2 hound zombies (D:8)
  A worker ant zombie (D:7)
  Robin (D:3)
  7 gnolls
  13 adders
  3 shadow imps
  An ooze (D:2)
  2 adder skeletons (D:7)
  3 worms
  A dart slug (D:1)
  7 leopard geckos
  65 orcs
  6 giant cockroaches
  14 goblins
  18 hobgoblins
  12 jackals
  3 quokkas
  A ball python (D:2)
  7 bats
  4 frilled lizards
  12 kobolds
  2 leopard gecko skeletons
  3 quokka skeletons
  A quokka zombie (D:5)
  14 rats
394 creatures vanquished.

Vanquished Creatures (collateral kills)
  A fire giant (D:13)
  A hydra (D:8)
  2 yaks (D:12)
  An acid dragon (D:13)
  A water moccasin (D:13)
  3 killer bees (D:12)
  A bullfrog skeleton (D:12)
  An orc (D:8)
11 creatures vanquished.

Vanquished Creatures (others)
  10 wandering mushrooms
  A crimson imp (D:11)
  3 fungi (D:10)
  A plant (D:8)
  149 toadstools
164 creatures vanquished.

Grand Total: 569 creatures vanquished

Notes
Turn   | Place    | Note
-------+----------+-------------------------------------------
     0 | D:1      | KoningWillie the Minotaur Fighter began the quest for the Orb.
     0 | D:1      | Reached XP level 1. HP: 19/19 MP: 0/0
   273 | D:1      | Reached XP level 2. HP: 15/27 MP: 1/1
   734 | D:1      | Reached XP level 3. HP: 27/33 MP: 2/2
  1058 | D:2      | Reached skill level 3 in Long Blades
  1331 | D:2      | Reached XP level 4. HP: 36/40 MP: 3/3
  1783 | D:2      | Reached skill level 1 in Dodging
  1854 | D:2      | Gained mutation: Your flesh is cold resistant. (rC+) [potion of mutation]
  1854 | D:2      | Gained mutation: You expend magic power (3 MP) to strengthen your wands. [potion of mutation]
  1854 | D:2      | Gained mutation: You have an increased reservoir of magic. (+10% MP) [potion of mutation]
  2110 | D:3      | Noticed Robin
  2271 | D:2      | Reached skill level 4 in Long Blades
  2430 | D:3      | Reached XP level 5. HP: 7/47 MP: 4/4
  2842 | D:3      | Reached skill level 5 in Armour
  2912 | D:3      | Reached skill level 5 in Long Blades
  2996 | D:3      | Noticed Jessica
  2998 | D:3      | Killed Jessica
  3086 | D:3      | Found a faded altar of an unknown god.
  3446 | D:3      | Found a blossoming altar of Fedhas.
  3460 | D:3      | Noticed an oklob plant
  3651 | D:3      | Reached XP level 6. HP: 49/53 MP: 5/5
  3656 | D:3      | Killed Robin
  3939 | D:3      | Became a worshipper of Fedhas Madash
  4229 | D:4      | Found a glowing silver altar of Zin.
  4366 | D:4      | Reached skill level 5 in Fighting
  4553 | D:4      | Noticed a sky beast
  4581 | D:4      | Killed a sky beast
  4581 | D:4      | Reached skill level 6 in Long Blades
  4669 | D:4      | Reached XP level 7. HP: 53/61 MP: 6/6
  4795 | D:4      | Got a transparent plate armour
  4796 | D:4      | Identified the +8 plate armour "Daitytet" {MR+ Dex+3} (You found it on level 4 of the Dungeon)
  4879 | D:4      | Reached * piety under Fedhas
  5170 | D:5      | Entered Level 5 of the Dungeon
  5230 | D:5      | Reached skill level 7 in Long Blades
  5242 | D:5      | Noticed flt's ghost (amateur MfIE)
  5381 | D:5      | Found a shattered altar of Ashenzari.
  5382 | D:5      | Found a snail-covered altar of Cheibriados.
  5385 | D:5      | Noticed a hippogriff
  5477 | D:6      | Found Cuaxe's Weapon Shop.
  5502 | D:6      | Noticed Blork the orc
  5517 | D:6      | Killed Blork the orc
  5727 | D:6      | Found Suyxeng's Antique Armour Shoppe.
  5733 | D:6      | Found Qoeb's Book Shop.
  5736 | D:6      | Noticed Dowan
  5737 | D:6      | Noticed Duvessa
  5765 | D:6      | Killed Dowan
  5765 | D:6      | Reached XP level 8. HP: 65/70 MP: 7/7
  5767 | D:6      | Reached skill level 8 in Long Blades
  5789 | D:6      | Killed Duvessa
  6070 | D:6      | Found a staircase to the Ecumenical Temple.
  6108 | D:6      | Found Pokeff's Armour Shop.
  6110 | D:6      | Found Cucof's Weapon Shoppe.
  6270 | D:6      | Bought a +0 pair of gloves for 67 gold pieces
  6487 | D:6      | Reached skill level 9 in Long Blades
  6776 | D:6      | Noticed Edmund
  6810 | D:6      | Killed Edmund
  6882 | D:6      | Reached ** piety under Fedhas
  6884 | D:6      | Found an opulent altar of Gozag.
  7149 | D:7      | Killed an unseen horror
  7149 | D:7      | Reached skill level 10 in Long Blades
  7149 | D:7      | Reached XP level 9. HP: 39/78 MP: 4/8
  7546 | D:7      | Reached skill level 11 in Long Blades
  7866 | D:7      | Identified a scroll of acquirement
  8016 | D:8      | Reached skill level 10 in Armour
  8191 | D:8      | Reached XP level 10. HP: 88/88 MP: 8/10
  8199 | D:8      | Reached skill level 12 in Long Blades
  8203 | D:8      | Noticed letownia's ghost (novice OpTm)
  8214 | D:8      | Killed letownia's ghost
  8251 | D:8      | Noticed a three-headed hydra
  8255 | D:8      | Killed a six-headed hydra
  8319 | D:8      | Noticed a two-headed ogre
  8328 | D:8      | Killed a two-headed ogre
  8328 | D:8      | Reached skill level 13 in Long Blades
  8489 | D:8      | Noticed Maurice
  8498 | D:8      | Killed Maurice
  8867 | D:8      | Reached skill level 14 in Long Blades
  8869 | D:8      | Reached XP level 11. HP: 85/97 MP: 8/11
  8939 | D:8      | Noticed Psyche
  8966 | D:8      | Killed Psyche
  9032 | D:8      | Reached *** piety under Fedhas
  9297 | D:9      | Found a white marble altar of Elyvilon.
  9332 | D:9      | Found Coun's Assorted Antiques.
  9340 | D:9      | Bought a scroll of identify for 68 gold pieces
  9363 | D:9      | Found a staircase to the Lair.
  9383 | D:9      | Reached skill level 10 in Fighting
  9402 | D:9      | Found Negutagy's Distillery.
  9410 | D:9      | Bought a potion of curing for 39 gold pieces
  9410 | D:9      | Bought a potion of curing for 39 gold pieces
  9410 | D:9      | Bought a potion of curing for 39 gold pieces
  9414 | D:9      | Found a sacrificial altar of Ru.
  9420 | D:9      | Found a hide-covered altar of Uskayaw.
  9423 | D:9      | Found a shadowy altar of Dithmenos.
  9424 | D:9      | Found a glowing golden altar of the Shining One.
  9426 | D:9      | Found a basalt altar of Yredelemnul.
  9447 | D:9      | Found Naaronymm's Antique Weapon Shop.
  9598 | D:9      | Found Boidafoy's Assorted Antiques.
  9617 | D:9      | Bought 3 scrolls of teleportation for 198 gold pieces
 10173 | D:10     | Entered Level 10 of the Dungeon
 10235 | D:10     | Reached skill level 1 in Invocations
 10740 | D:10     | Found a staircase to the Orcish Mines.
 10755 | D:10     | Found a roughly hewn altar of Beogh.
 10870 | D:10     | Noticed a two-headed ogre
 10876 | D:10     | Killed a two-headed ogre
 10876 | D:10     | Reached skill level 15 in Long Blades
 11115 | D:10     | Found a sacrificial altar of Ru.
 11702 | D:11     | Noticed Fannar
 11712 | D:11     | Killed Fannar
 11898 | D:12     | Noticed a green ugly thing
 11916 | D:12     | Killed an unseen horror
 11916 | D:12     | Reached skill level 16 in Long Blades
 11925 | D:12     | Killed a green ugly thing
 11925 | D:12     | Reached XP level 12. HP: 110/110 MP: 13/13
 12609 | D:12     | Noticed a two-headed ogre
 12613 | D:12     | Killed a two-headed ogre
 12946 | D:13     | Noticed a fire giant
 12959 | D:13     | Killed a fire giant
 12959 | D:13     | Reached skill level 17 in Long Blades
 13090 | D:13     | Noticed an anaconda
 13097 | D:13     | Noticed a two-headed ogre
 13099 | D:13     | Killed an anaconda
 13107 | D:13     | Killed a two-headed ogre
 13406 | D:13     | Noticed a catoblepas
 13787 | D:13     | Noticed a two-headed ogre
 13795 | D:13     | Killed a two-headed ogre
 13808 | D:15     | Entered Level 15 of the Dungeon
 13816 | D:15     | Noticed a two-headed ogre
 13818 | D:15     | Hit by a large rock thrown by a cyclops

Skill      XL: |  1  2  3  4  5  6  7  8  9 10 11 12 |
---------------+-------------------------------------+-----
Fighting       | 4 5 6 8 9 11 | 11.9
Armour         | 4 5 7 9 10 11 12 | 12.5
Long Blades    | 3 4 5 6 7 10 11 14 16 17 | 17.6
Dodging        | 1 2 3 |  3.7
Invocations    | 1 2 |  2.7
Shields        | |  3.6

Action                   |  1- 3 |  4- 6 |  7- 9 | 10-12 || total
-------------------------+-------+-------+-------+-------++-------
Melee: Long sword        |    93 |   179 |   378 |       ||   650
       Headbutt          |    14 |    26 |    91 |   118 ||   249
       Triple sword      |       |       |    14 |   467 ||   481
Invok: Fungal Bloom      |       |     4 |    24 |    21 ||    49
       Evolution         |       |       |       |    37 ||    37
  Use: Scroll            |     1 |     5 |     8 |     9 ||    23
       Potion            |       |     1 |     5 |     4 ||    10
 Stab: Distracted        |       |       |       |     2 ||     2
       Invisible         |       |       |       |     2 ||     2
  Eat: Chunk             |     1 |       |       |       ||     1
       Fruit             |       |     9 |       |       ||     9
       Royal jelly       |       |     1 |     2 |       ||     3
       Meat ration       |       |     1 |     2 |     1 ||     4
       Bread ration      |       |       |       |     3 ||     3
Armor: Scale mail        |    34 |     6 |       |       ||    40
       Chain mail        |       |    99 |       |       ||    99
       Plate armour      |       |       |   255 |   414 ||   669
Dodge: Dodged            |    29 |    61 |    94 |   228 ||   412
Block: Shield            |    56 |    71 |   115 |       ||   242
       Rpst.: Long sword |     5 |    15 |    29 |       ||    49
       Triple sword      |       |       |       |    61 ||    61
